 Dungeon Crawl Stone Soup version 0.22-a0-815-gb582571 (webtiles) character file.

8847 Amnesiac the Thaumaturge (level 11, -2/77 HPs)
             Began as a Mummy Earth Elementalist on July 23, 2018.
             Was a Priest of Vehumet.
             Slain by a wolf (7 damage)
             ... on level 2 of the Lair of Beasts.
             The game lasted 00:15:23 (11099 turns).

Amnesiac the Thaumaturge (MuEE)                    Turns: 11099, Time: 00:15:25

Health: -2/77      AC:  9    Str: 12    XL:     11   Next: 15%
Magic:  14/26      EV: 14    Int: 17    God:    Vehumet [***...]
Gold:   614        SH:  0    Dex: 16    Spells: 3/32 levels left

rFire    . . .     SeeInvis .   m - +8 broad axe of Division {freeze, Fragile +Inv rPois Dex+3}
rCold    + . .     Gourm    .   (no shield)
rNeg     + + +     Faith    .   d - +3 leather armour {rF+}
rPois    ∞         Spirit   .   p - +0 helmet
rElec    .         Reflect  .   i - +0 cloak
rCorr    .         Harm     .   h - +0 pair of gloves
MR       +....                  (no boots)
Stlth    ++........             (no amulet)
HPRegen  0.22/turn              q - +3 ring of slaying
MPRegen  0.20/turn              z - ring of flight

@: no status effects
A: no food or potions, fire vulnerability, cold resistance 1, negative energy
resistance 3, torment resistance, unbreathing
a: Renounce Religion, Evoke Invisibility, Evoke Flight


You were on level 2 of the Lair of Beasts.
You worshipped Vehumet.
Vehumet was most pleased with you.
You were not hungry.

You visited 3 branches of the dungeon, and saw 11 of its levels.

You collected 614 gold pieces.

Inventory:

Hand Weapons
 a - a +1 dagger of venom
 b - a +4 quarterstaff of chaos
 m - the +8 broad axe of Division (weapon) {freeze, Fragile +Inv rPois Dex+3}
   (You found it on level 5 of the Dungeon)

   It has been specially enchanted to freeze those struck by it, causing extra
   injury to most foes and up to half again as much damage against particularly
   susceptible opponents.
   It can also slow down cold-blooded creatures.
   It affects your dexterity (+3).
   It protects you from poison.
   It lets you turn invisible.
   It will be destroyed if unequipped.
Missiles
 j - 174 stones (quivered)
Armour
 d - a +3 leather armour of fire resistance (worn)
 h - a +0 pair of gloves (worn)
 i - a +0 cloak (worn)
 p - a +0 helmet (worn)
 s - the +7 chain mail of Focus {Regen+ Int+4}
   (You found it on level 7 of the Dungeon)

   It affects your intelligence (+4).
   It increases your rate of regeneration.
Jewellery
 q - a +3 ring of slaying (left hand)
 z - a ring of flight (right hand)
Wands
 c - a wand of paralysis (26)
 l - a wand of flame (22)
 t - a wand of iceblast (10)
 w - a wand of disintegration (3)
 x - a wand of random effects (24)
Scrolls
 e - a scroll of enchant weapon {!r}
 f - 6 scrolls of teleportation {!r}
 g - a scroll of identify {!r}
 k - 2 scrolls of enchant armour {!r}
 n - 4 scrolls of remove curse {!r}
 o - a scroll of magic mapping {!r}
 r - 4 scrolls of amnesia {!r}
 u - a scroll of vulnerability {!r}
 v - 2 scrolls of fog {!r}
 y - a scroll of acquirement {!r}


   Skills:
 - Level 4.0 Fighting
 - Level 4.0 Dodging
 - Level 1.5 Stealth
 - Level 11.0 Spellcasting
 - Level 0.7 Transmutations
 + Level 10.8 Earth Magic
 - Level 4.0 Evocations


You had 3 spell levels left.
You knew the following spells:

 Your Spells              Type           Power        Failure   Level  Hunger
a - Sandblast             Erth           #####.       1%          1    N/A
b - Passwall              Tmut/Erth      ####....     1%          2    N/A
c - Stone Arrow           Conj/Erth      ####..       1%          3    N/A
d - Lee's Rapid Deconstr  Erth           #####.....   1%          5    N/A
e - Petrify               Tmut/Erth      ####....     9%          4    N/A
f - Mephitic Cloud        Conj/Pois/Air  #.......     8%          3    N/A
g - Call Imp              Summ           #.......     14%         2    N/A
h - Ozocubu's Armour      Chrm/Ice       #.......     28%         3    N/A
i - Apportation           Tloc           #.....       10%         1    N/A
s - Conjure Flame         Conj/Fire      #.......     8%          3    N/A
v - Blink                 Tloc           N/A          14%         2    N/A

Your spell library contained the following spells:

 Spells                   Type           Power        Failure   Level  Hunger
 Magic Dart               Conj           #...         2%          1    N/A
 Slow                     Hex            #.......     14%         2    N/A
 Invisibility             Hex            #.......     100%        6    N/A
 Throw Frost              Conj/Ice       #.....       4%          2    N/A
 Animate Dead             Necr           N/A          67%         4    N/A
 Pain                     Necr           #...         10%         1    N/A
 Animate Skeleton         Necr           N/A          10%         1    N/A
 Vampiric Draining        Necr           #.........   28%         3    N/A
 Freeze                   Ice            #...         2%          1    N/A
 Summon Ice Beast         Ice/Summ       #.......     67%         4    N/A
 Regeneration             Chrm/Necr      #.........   28%         3    N/A
 Tukima's Dance           Hex            #.......     28%         3    N/A
 Throw Icicle             Conj/Ice       #.......     24%         4    N/A
 Summon Butterflies       Summ           #.......     10%         1    N/A
 Alistair's Intoxication  Tmut/Pois      ##......     93%         5    N/A
 Lesser Beckoning         Tloc           #.........   28%         3    N/A

Dungeon Overview and Level Annotations

Branches:
Dungeon (8/15)             Temple (1/1) D:6            Lair (2/6) D:8
  Swamp: Lair:2-4    Shoals: Lair:2-4     Snake: Lair:2-4    Spider: Lair:2-4

Altars:
Gozag
Nemelex Xobeh
Ru
Vehumet
Xom
Yredelemnul
Zin
The Shining One

Shops:
D:4 :

Annotations:
D:4 exclusion: 5 doors
D:7 Tiareth's ghost, novice DEWz


Innate Abilities, Weirdness & Mutations

You do not eat or drink.
Your flesh is vulnerable to fire.
You are immune to poison.
Your flesh is cold resistant. (rC+)
You are immune to negative energy. (rN+++)
You are immune to unholy pain and torment.
You can survive without breathing.


Message History

You freeze the spiny frog.
You kill the spiny frog!
Vehumet accepts your kill.
No target in view!
You start resting.
A wolf comes into view. x2
There are monsters nearby!
The wolf howls!
You hear a howl! x3
A wolf comes into view.
A wolf comes into view.
The wolf howls!
You hit the wolf. You freeze the wolf.
The wolf is moderately wounded.
You hear a howl!
A wolf comes into view.
The wolf misses you. The wolf bites you. The wolf bites you but does no damage.
The wolf bites you! The wolf completely misses you.
You closely miss the wolf.
The wolf is moderately wounded.
You slash the wolf! You freeze the wolf.
The wolf bites you but does no damage. x2
The wolf barely misses you. The wolf bites you. The wolf barely misses you.
You miss the wolf.
The wolf is heavily wounded.
You hit the wolf. You freeze the wolf. You hit the wolf. You freeze the wolf.
The wolf misses you. The wolf barely misses you.
The wolf bites you but does no damage. The wolf bites you. x2
The wolf completely misses you.
You miss the wolf.
The wolf is severely wounded.
You slash the wolf! You freeze the wolf.
You kill the wolf!
Vehumet accepts your kill.
Training target 4.0 for Evocations reached!
Your Evocations skill increases to level 4!
You miss the wolf. x2; The wolf bites you.
The wolf bites you but does no damage. The wolf misses you.
The wolf barely misses you. x3; The wolf bites you.
The wolf bites you!
* * * LOW HITPOINT WARNING * * *
The wolf barely misses you.
You hit the wolf. You freeze the wolf.
The wolf is almost dead.
You slash the wolf! You freeze the wolf. You barely miss the wolf.
You hit the wolf. You freeze the wolf. The wolf bites you.
* * * LOW HITPOINT WARNING * * *
The wolf bites you but does no damage. The wolf bites you.
* * * LOW HITPOINT WARNING * * *
The wolf barely misses you. x3; The wolf bites you but does no damage.
The wolf bites you.
* * * LOW HITPOINT WARNING * * *
The wolf closely misses you. The wolf barely misses you.
You hit the wolf. You freeze the wolf.
The wolf is severely wounded.
You hit the wolf but do no damage. You hit the wolf. You freeze the wolf.
You kill the wolf!
Vehumet accepts your kill.
You feel your power returning.
You miss the wolf. The wolf bites you but does no damage. The wolf bites you.
* * * LOW HITPOINT WARNING * * *
The wolf bites you!
* * * LOW HITPOINT WARNING * * *
The wolf bites you!
* * * LOW HITPOINT WARNING * * *
The wolf closely misses you. The wolf bites you!
You die...

................................
.................................
.................................
............................###..
....P.......................# #..
............................###..
......#.....................##...
.........#.#.#.hhh.##............
PP.....†P#######@†..#............
#...%)...# ###.............#.
....#...## #P.........####. ...
#.(.. ##..........# ## ≈≈ ##PP.
##........## ≈ ##P. #........#
.... ##.......## #.......P#
.#.......##


You could see 3 wolves.

Vanquished Creatures
  2 hydras (Lair:2)
  A two-headed ogre (D:8)
  2 spiny frogs (Lair:2)
  A tyrant leech (Lair:2)
  Grinder (D:3)
  A hippogriff (Lair:2)
  3 blink frogs (Lair:2)
  Sigmund (D:2)
  A wyvern (D:8)
  Eustachio (D:6)
  Menkaure (D:6)
  A naga (Lair:2)
  A swamp worm (Lair:2)
  7 water moccasins
  Duvessa (D:5)
  3 porcupines
  An orc warrior (D:8)
  An ice beast (D:6)
  A phantom (D:7)
  An eye of draining (D:8)
  3 necrophages
  An ogre (D:8)
  2 wolves (Lair:2)
  A centaur (D:6)
  A crocodile (Lair:2)
  A big kobold (D:7)
  8 bullfrogs
  Dowan (D:5)
  2 scorpions
  3 killer bees
  4 wights (D:8)
  3 crimson imps
  A centaur zombie (D:6)
  A jelly (D:8)
  2 orc priests
  Crazy Yiuf (D:4)
  4 hounds
  2 orc wizards
  A bullfrog skeleton (D:4)
  A centaur skeleton (D:5)
  2 iguanas
  Natasha (thrice) (D:2)
  Terence (D:3)
  5 worker ants
  3 worker ant zombies
  7 adders
  16 gnolls
  2 river rats (Lair:1)
  A shadow imp (D:5)
  4 worms
  7 dart slugs
  A leopard gecko (D:5)
  12 orcs
  10 bats
  6 giant cockroaches
  8 goblins
  8 hobgoblins
  2 jackals (D:3)
  A quokka (D:5)
  A ball python skeleton (D:5)
  3 frilled lizards
  18 kobolds
  A quokka zombie (D:6)
  9 rats
  A fungus (Lair:1)
  A plant (Lair:1)
208 creatures vanquished.

Vanquished Creatures (others)
  2 fungi (Lair:2)
  4 plants (Lair:2)
6 creatures vanquished.

Grand Total: 214 creatures vanquished

Notes
Turn   | Place    | Note
-------+----------+-------------------------------------------
     0 | D:1      | Amnesiac the Mummy Earth Elementalist began the quest for the Orb.
     0 | D:1      | Reached XP level 1. HP: 13/13 MP: 4/4
   564 | D:2      | Reached XP level 2. HP: 19/19 MP: 5/5
   582 | D:2      | Learned a level 2 spell: Passwall
   625 | D:3      | Reached skill level 3 in Spellcasting
   954 | D:3      | Reached XP level 3. HP: 5/24 MP: 3/7
  1152 | D:3      | Noticed a bullfrog
  1476 | D:3      | Killed a bullfrog
  1476 | D:3      | Reached XP level 4. HP: 30/30 MP: 3/9
  1476 | D:3      | Noticed Grinder
  1498 | D:3      | Learned a level 3 spell: Stone Arrow
  1502 | D:3      | Paralysed by Grinder for 7 turns
  1509 | D:3      | Killed Grinder
  1509 | D:3      | Reached skill level 4 in Spellcasting
  1509 | D:3      | Reached XP level 5. HP: 4/35 MP: 0/12
  1509 | D:3      | Reached XP level 6. HP: 5/41 MP: 0/13
  1516 | D:3      | Learned a level 5 spell: Lee's Rapid Deconstruction
  1789 | D:4      | Reached skill level 5 in Earth Magic
  1831 | D:4      | Reached skill level 5 in Spellcasting
  1837 | D:4      | Learned a level 4 spell: Petrify
  2496 | D:4      | Found a runed door.
  2551 | D:4      | Found Kuruoh's Book Shoppe.
  2891 | D:4      | Noticed Crazy Yiuf
  2894 | D:4      | Killed Crazy Yiuf
  2927 | D:5      | Entered Level 5 of the Dungeon
  2951 | D:5      | Noticed Dowan
  2951 | D:5      | Noticed Duvessa
  2956 | D:5      | Reached XP level 7. HP: 46/46 MP: 12/15
  3250 | D:5      | Reached skill level 6 in Spellcasting
  3394 | D:6      | Noticed Eustachio
  3406 | D:6      | Killed Eustachio
  3651 | D:5      | Killed Duvessa
  3651 | D:5      | Reached XP level 8. HP: 9/52 MP: 3/18
  3652 | D:5      | Killed Dowan
  3667 | D:5      | Reached skill level 7 in Spellcasting
  4005 | D:5      | Got a blackened broad axe
  4371 | D:6      | Found a staircase to the Ecumenical Temple.
  4452 | Temple   | Entered the Ecumenical Temple
  4459 | Temple   | Became a worshipper of Vehumet
  5442 | D:2      | Noticed Natasha
  5451 | D:2      | Killed Natasha
  5623 | D:2      | Found a basalt altar of Yredelemnul.
  5700 | D:2      | Noticed Sigmund
  5700 | D:2      | Noticed Natasha
  5726 | D:2      | Killed Sigmund
  5739 | D:2      | Reached * piety under Vehumet
  5739 | D:2      | Offered knowledge of Magic Dart by Vehumet.
  5940 | D:2      | Killed Natasha
  6146 | D:2      | Found a basalt altar of Yredelemnul.
  6228 | D:2      | Noticed Natasha
  6231 | D:2      | Killed Natasha
  6559 | D:3      | Identified the +8 broad axe of Division {freeze, Fragile +Inv rPois Dex+3} (You found it on level 5 of the Dungeon)
  6823 | D:3      | Noticed Terence
  6829 | D:3      | Killed Terence
  6863 | D:3      | Reached skill level 8 in Spellcasting
  6972 | D:3      | Found a sacrificial altar of Ru.
  6972 | D:3      | Found a faded altar of an unknown god.
  6977 | D:3      | Found a glowing golden altar of the Shining One.
  6979 | D:3      | Found a faded altar of an unknown god.
  6981 | D:3      | Found a shimmering altar of Xom.
  7318 | D:6      | Found a sparkling altar of Nemelex Xobeh.
  7481 | D:6      | Reached XP level 9. HP: 45/57 MP: 21/21
  7658 | D:6      | Noticed Menkaure
  7664 | D:6      | Killed Menkaure
  7937 | D:7      | Got a spiked chain mail
  7969 | D:7      | Identified the +7 chain mail of Focus {Regen+ Int+4} (You found it on level 7 of the Dungeon)
  8142 | D:7      | Found a runed door.
  8142 | D:7      | Noticed Tiareth's ghost (novice DEWz)
  8208 | D:7      | Reached skill level 9 in Spellcasting
  8784 | D:8      | Learned a level 2 spell: Blink
  8792 | D:8      | Learned a level 3 spell: Mephitic Cloud
  8795 | D:8      | Learned a level 2 spell: Call Imp
  8799 | D:8      | Learned a level 3 spell: Conjure Flame
  8821 | D:8      | Noticed a two-headed ogre
  8884 | D:8      | Found a staircase to the Lair.
  8916 | D:8      | Reached ** piety under Vehumet
  8916 | D:8      | Offered knowledge of Shock by Vehumet.
  9317 | D:8      | Reached skill level 10 in Earth Magic
  9332 | D:8      | Killed a two-headed ogre
  9332 | D:8      | Reached skill level 10 in Spellcasting
  9332 | D:8      | Reached XP level 10. HP: 63/63 MP: 1/24
  9456 | D:8      | Learned a level 3 spell: Ozocubu's Armour
  9458 | D:8      | Learned a level 1 spell: Apportation
  9760 | D:8      | Reached skill level 11 in Spellcasting
  9808 | Lair:1   | Entered Level 1 of the Lair of Beasts
  9822 | Lair:1   | Reached skill level 1 in Fighting
  9822 | Lair:1   | Reached skill level 1 in Evocations
  9900 | Lair:1   | Offered knowledge of Ignite Poison by Vehumet.
 10447 | Lair:1   | Identified a scroll of acquirement {!r}
 10519 | Lair:2   | Noticed a five-headed hydra
 10523 | Lair:2   | Killed a five-headed hydra
 10722 | Lair:2   | Noticed a spiny frog
 10729 | Lair:2   | Killed a spiny frog
 10821 | Lair:2   | Noticed a four-headed hydra
 10824 | Lair:2   | Killed a four-headed hydra
 10824 | Lair:2   | Reached *** piety under Vehumet
 10824 | Lair:2   | Reached XP level 11. HP: 77/77 MP: 11/26
 11099 | Lair:2   | Slain by a wolf

Vault maps used:
D:1:      elethiomel_arrival_maze
D:2:      yredelemnul_altar_generic, first_ration, uniq_natasha, uniq_sigmund
D:3:      chequers_temple_overflow_minitemple, grunt_decor_resistance,
          uniq_terence, uniq_grinder
D:4:      corexii_shantytown, serial_shops, shop, uniq_crazy_yiuf_cottage
D:5:      serial_glass, glass_columns_b, glass_columns_b, glass_columns_a,
          glass_columns_b, glass_columns_a, glass_columns_c, glass_columns_a,
          glass_columns_b, minmay_misc_feat_roman, patterned_corridor,
          uniq_duvessa
D:6:      nemelex_xobeh_ov_fountains_minmay, temple_fountains, uniq_eustachio,
          uniq_menkaure
D:7:      gammafunk_ghost_grave
D:8:      lair_entry_dummy
Temple:   nicolae_temple_elliptical
Lair:1:   pond
Lair:2:   beast_lair_carwin_large_1, guppyfry_snake_entry_island,
          ebering_ghost_xom, worms_lemuel

Skill      XL: |  1  2  3  4  5  6  7  8  9 10 11 |
---------------+----------------------------------+-----
Earth Magic    | 3 4 5 6 8 10 | 10.8
Spellcasting   | 3 4 5 6 8 10 11 | 11.0
Dodging        | 4 |  4.0
Fighting       | 4 |  4.0
Evocations     | 3 4 |  4.0
Stealth        | |  1.5
Transmutations | |  0.7

Action                   |  1- 3 |  4- 6 |  7- 9 | 10-12 || total
-------------------------+-------+-------+-------+-------++-------
Melee: Mace              |    57 |    28 |       |       ||    85
       Dagger            |       |       |   149 |       ||   149
       Quarterstaff      |       |       |    25 |       ||    25
       Broad axe         |       |       |   154 |    32 ||   186
 Cast: Sandblast         |    17 |    40 |    47 |    21 ||   125
       Passwall          |       |     3 |       |       ||     3
       Lee's Rapid Decon |       |       |    17 |    27 ||    44
       Petrify           |       |       |     3 |       ||     3
  Use: Scroll            |       |       |     6 |     6 ||    12
 Stab: Sleeping          |     1 |     2 |     5 |       ||     8
       Distracted        |       |     1 |       |       ||     1
       Petrified         |       |       |    12 |       ||    12
       Petrifying        |       |       |     1 |       ||     1
       Paralysed         |       |       |     1 |       ||     1
Armor: Robe              |    13 |     7 |    12 |       ||    32
       Leather armour    |       |       |    87 |    13 ||   100
       Chain mail        |       |       |    34 |       ||    34
Dodge: Dodged            |    53 |    27 |   208 |    44 ||   332

Table legend:
 A = Spawn XP
 B = Non-spawn XP
 C = Spawn XP percentage of total XP
 D = Spawn monster count
 E = Non-spawn monster count
 F = Spawn count percentage of total count
 G = Total turns spent on level
                    A         B        C        D         E        F      G
               +---------+---------+-------+---------+---------+-------+---------
         Total |       0 |   12639 |   0.0 |       0 |     206 |   0.0 | 11099
               +---------+---------+-------+---------+---------+-------+---------
           D:1 |       0 |      36 |   0.0 |       0 |      17 |   0.0 |  1389
           D:2 |       0 |     470 |   0.0 |       0 |      29 |   0.0 |  1234
           D:3 |       0 |     581 |   0.0 |       0 |      40 |   0.0 |  1739
           D:4 |       0 |     435 |   0.0 |       0 |      20 |   0.0 |  1419
           D:5 |       0 |     557 |   0.0 |       0 |      17 |   0.0 |  1043
           D:6 |       0 |     920 |   0.0 |       0 |      10 |   0.0 |   986
           D:7 |       0 |     718 |   0.0 |       0 |      15 |   0.0 |   990
           D:8 |       0 |    2267 |   0.0 |       0 |      27 |   0.0 |   993
        Lair:1 |       0 |    1573 |   0.0 |       0 |      14 |   0.0 |   795
        Lair:2 |       0 |    5082 |   0.0 |       0 |      17 |   0.0 |   496
               +---------+---------+-------+---------+---------+-------+---------
